 Dungeon Crawl Stone Soup version 0.20.1-1-g8b1a95d (webtiles) character file.

79 Ymberti the Firebug (level 4, -3/24 HPs)
             Began as a Deep Elf Fire Elementalist on Sept 17, 2017.
             Slain by Sigmund
             ... wielding a +0 scythe
              (13 damage)
             ... on level 2 of the Dungeon.
             The game lasted 00:07:43 (1198 turns).

Ymberti the Firebug (Deep Elf Fire Elementalist)    Turns: 1198, Time: 00:07:44

Health: -3/24      AC:  2    Str:  5    XL:     4   Next: 16%
Magic:  4/11       EV: 13    Int: 21    God:
Gold:   118        SH:  0    Dex: 15    Spells: 4/10 levels left

rFire    + . .     SeeInvis .   m - +0 dagger
rCold    x . .     Gourm    .   (no shield)
rNeg     . . .     Faith    .   a - +0 robe
rPois    .         Spirit   .   (no helmet)
rElec    .         Reflect  .   (no cloak)
rCorr    .         Harm     .   (no gloves)
MR       .....                  (no boots)
Stlth    ++........             (no amulet)
Regen    0.1/turn               n - ring of fire
MPRegen  0.2/turn               q - ring of wizardry

@: no status effects
A: no striking features
a: no special abilities


You were on level 2 of the Dungeon.
You were not hungry.

You visited 1 branch of the dungeon, and saw 2 of its levels.

You collected 118 gold pieces.

Inventory:

Hand Weapons
 m - a +0 dagger (weapon)
Armour
 a - a +0 robe (worn)
 o - a +0 cloak
Jewellery
 e - an uncursed ring of flight
 n - a ring of fire (left hand)
 q - a ring of wizardry (right hand)
Scrolls
 d - a scroll of blinking
 f - a scroll of magic mapping {unknown}
 h - 2 scrolls of identify {unknown}
 i - 2 scrolls of remove curse
 k - a scroll of immolation {unknown}
 l - a scroll of enchant weapon {unknown}
Potions
 g - a potion of degeneration {unknown}
Books
 b - a book of Flames

   Spells                             Type                      Level
   a - Flame Tongue                   Conjuration/Fire             1
   b - Throw Flame                    Conjuration/Fire             2
   c - Conjure Flame                  Conjuration/Fire             3
   d - Inner Flame                    Hexes/Fire                   3
   e - Sticky Flame                   Conjuration/Fire             4
   f - Fireball                       Conjuration/Fire             5
Comestibles
 c - a bread ration
 p - a meat ration


   Skills:
 + Level 0.2 Short Blades
 + Level 2.8 Dodging
 + Level 2.9 Stealth
 + Level 3.6 Spellcasting
 + Level 2.1 Conjurations
 + Level 4.3 Fire Magic


You had 4 spell levels left.
You knew the following spells:

 Your Spells              Type           Power        Failure   Level  Hunger
a - Flame Tongue          Conj/Fire      ####.        1%          1    None
b - Throw Flame           Conj/Fire      ####..       1%          2    ##.....
c - Conjure Flame         Conj/Fire      ####....     4%          3    ###....


Dungeon Overview and Level Annotations

Branches:
Dungeon (2/15)

Altars:

Annotations:
D:2 Robin, Sigmund


Message History

Casting: Conjure Flame
Confirm with . or Enter, or press ? or * to list all spells.
Aiming: Flame Tongue
Press: ? - help, Shift-Dir - straight line, f - Sigmund
Aim: Sigmund, wielding a scythe and wearing an embroidered robe (flame, lightly wounded)
You feel a surge of power!
The flame tongue hits Sigmund.
Sigmund resists.
Sigmund is moderately wounded.
Sigmund is engulfed in blazing flames.
Sigmund gestures at you while chanting. The magic dart hits you!
Casting: Flame Tongue
Confirm with . or Enter, or press ? or * to list all spells.
Aiming: Flame Tongue
Press: ? - help, Shift-Dir - straight line, f/p - Sigmund
Aim: Sigmund, wielding a scythe and wearing an embroidered robe (flame, moderately wounded)
You feel a surge of power!
The flame tongue hits Sigmund.
Sigmund resists.
Sigmund is heavily wounded.
Sigmund is engulfed in blazing flames.
Sigmund hits you with a scythe!
Ouch! That really hurt!
You die...

..........##..#......#.#.##.## #
...#....###..##..............####
..####..###.#.....#...##.....†)..
#..#.(........>.......##.##....##
....................#.##.#.......
.................##......#.......
###......##...#####....###.......
# #...........####..##...........
♣###..<.........@@..#####........
♣♣..............#####............
≈P....................####.......
.............##.#### #.......
♣P..##....).###...# #.......
♣♣.#...#....# ###..## ######.#
........###.# #..##########..#
..#####.# #.# #............##
........###.#######...........###


You could see Sigmund.

Vanquished Creatures
  Terence (D:2)
  A gnoll (D:1)
  A leopard gecko (D:2)
  A ball python (D:1)
  2 giant cockroaches
  9 goblins
  5 hobgoblins (D:1)
  2 quokkas (D:2)
  7 bats
  2 frilled lizards (D:1)
  5 kobolds
  5 rats
41 creatures vanquished.

Notes
Turn   | Place    | Note
-------+----------+-------------------------------------------
     0 | D:1      | Ymberti the Deep Elf Fire Elementalist began the quest for the Orb.
     0 | D:1      | Reached XP level 1. HP: 10/10 MP: 6/6
   387 | D:1      | Reached XP level 2. HP: 11/15 MP: 5/8
   574 | D:1      | Reached skill level 4 in Fire Magic
   714 | D:2      | Reached XP level 3. HP: 19/19 MP: 4/9
   772 | D:2      | Learned a level 2 spell: Throw Flame
   776 | D:2      | Learned a level 3 spell: Conjure Flame
   784 | D:2      | Noticed Sigmund
   818 | D:2      | Noticed Terence
   840 | D:2      | Noticed Robin
  1099 | D:2      | Killed Terence
  1099 | D:2      | Reached XP level 4. HP: 16/24 MP: 1/11
  1198 | D:2      | Slain by Sigmund

Skill      XL: |  1  2  3 |
---------------+----------+-----
Fire Magic     | 4 |  4.3
Conjurations   | 2 |  2.1
Short Blades   | |  0.2
Dodging        | |  2.8
Stealth        | |  2.9
Spellcasting   | |  3.6

Action                   |  1- 3 |  4- 6 || total
-------------------------+-------+-------++-------
Melee: Unarmed           |     4 |       ||     4
       Dagger            |     2 |       ||     2
 Cast: Flame Tongue      |    61 |     6 ||    67
       Conjure Flame     |     2 |     1 ||     3
       Throw Flame       |       |     1 ||     1
  Use: Scroll            |     4 |       ||     4
       Potion            |     1 |       ||     1
  Eat: Fruit             |       |     2 ||     2
Armor: Robe              |    20 |       ||    20
Dodge: Dodged            |    52 |       ||    52
